 Dungeon Crawl Stone Soup version 0.27-a0-1123-g2f9bb313c0 (webtiles) character file.

Game seed: 3334279348068218502

107 Kuinu the Sneak (level 5, -1/32 HPs)
             Began as a Kobold Brigand on May 3, 2021.
             Slain by a gnoll shaman
             ... wielding a +0 club
              (7 damage)
             ... on level 2 of the Dungeon.
             The game lasted 00:04:53 (2425 turns).

Kuinu the Sneak (Kobold Brigand)                    Turns: 2425, Time: 00:04:53

Health: -1/32      AC:  4    Str:  8    XL:     5   Next: 11%
Magic:  5/5        EV: 14    Int: 13    God:
Gold:   148        SH:  0    Dex: 23    Spells: 4/4 levels left

rFire    . . .     SeeInvis .   a - +3 dagger
rCold    . . .     Faith    .   (shield restricted)
rNeg     . . .     Spirit   .   g - +0 leather armour
rPois    .         Reflect  .   (no helmet)
rElec    .         Harm     .   c - +0 cloak
rCorr    .         Rampage  .   (no gloves)
Will     .....                  (no boots)
Stlth    +++++.....             (no amulet)
HPRegen  0.10/turn              q - +6 ring of dexterity
MPRegen  0.09/turn              (no ring)

@: no status effects
A: small, no large weapons, nightstalker 3
a: no special abilities


You were on level 2 of the Dungeon.
You visited 1 branch of the dungeon, and saw 3 of its levels.

You collected 148 gold pieces.

Inventory:

Hand Weapons
 a - a +3 dagger (weapon)
Armour
 b - a +0 robe
 c - a +0 cloak (worn)
 g - a +0 leather armour (worn)
Jewellery
 q - a +6 ring of dexterity (left hand)
Potions
 f - a potion of flight {unknown}
 j - a potion of attraction {unknown}
 k - a potion of brilliance {unknown}
 l - a potion of might {unknown}
 n - 2 potions of lignification
 p - a potion of magic {unknown}


   Skills:
 * Level 3.3 Fighting
 * Level 3.9 Short Blades
 - Level 2.1 Throwing
 + Level 0.7 Armour
 + Level 2.1 Dodging
 * Level 6.3 Stealth


You had 4 spell levels left.
You didn't know any spells.
Your spell library was empty.

Dungeon Overview and Level Annotations

Branches:
Dungeon (3/15)

Altars:


Innate Abilities, Weirdness & Mutations

You are small and have problems with some larger weapons.
You are completely attuned to the shadows.


Message History

Press: ? - help, Q - select action, (/) - cycle Shift-Dir - straight line, f/p - gnoll shaman
Aim: a gnoll shaman, wielding a +0 club and wearing a +0 robe (lightly wounded, 65% to hit)
You throw a poisoned dart.
The poisoned dart hits the gnoll shaman.
The gnoll shaman is poisoned.
The gnoll shaman is lightly wounded.
The gnoll shaman closely misses you.
Throw: 2 darts (curare)
Press: ? - help, Q - select action Shift-Dir - straight line, f/p - gnoll shaman
Aim: a gnoll shaman, wielding a +0 club and wearing a +0 robe (lightly wounded, poisoned, 65% to hit)
You throw a curare-tipped dart.
The curare-tipped dart barely misses the gnoll shaman.
The curare-tipped dart hits the gnoll.
The gnoll looks as sick as possible!
The gnoll convulses.
The gnoll seems to slow down.
The gnoll is severely wounded.
The gnoll shaman calls down the wrath of its god upon you.
You resist with some effort.
Throw: dart (curare)
Press: ? - help, Q - select action Shift-Dir - straight line, f/p - gnoll shaman
Aim: a gnoll shaman, wielding a +0 club and wearing a +0 robe (lightly wounded, poisoned, 65% to hit)
You throw a curare-tipped dart.
The curare-tipped dart barely misses the gnoll shaman.
The curare-tipped dart hits the gnoll.
The gnoll looks as sick as possible!
The gnoll convulses.
You kill the gnoll!
The gnoll shaman hits you but does no damage.
Unknown command.
Unknown command.
Unknown command.
You feel agile.
q - a +6 ring of dexterity (left hand)
You hit the gnoll shaman.
The gnoll shaman is lightly wounded.
The gnoll shaman hits you with a +0 club.
* * * LOW HITPOINT WARNING * * *
You barely miss the gnoll shaman.
The gnoll shaman is moderately wounded.
The gnoll shaman hits you with a +0 club!
You die...

####### ##..###########.........
......# ##............##...)...
..###.### #####.............#.###
...##...###.............###.#.##
......#..[..............##..#..##
#.###....(#####..........#.###..#
#.##.......###.............####..
#.##.#####......###...[.<...####.
#....# #####..@g).(<>......###.
#....# ##.###............##.
..##.########..# #...............
####.##........####........[####.
# #.##..........)..........)....
# #.........[.###..###.########.
# ###.........##..####.####...<.
# ##........##.###........###.
#######........##.....#.###### ##


You could see a gnoll shaman (poisoned).

Vanquished Creatures
  Terence (D:2)
  A gnoll (D:2)
  2 adders (D:2)
  A worm (D:2)
  A dart slug (D:1)
  3 ball pythons
  5 bats
  3 endoplasms
  3 giant cockroaches
  4 goblins (D:1)
  4 hobgoblins
  6 jackals (D:2)
  3 kobolds
  3 quokkas (D:1)
  3 frilled lizards
  6 rats
49 creatures vanquished.

Notes
Turn   | Place    | Note
-------+----------+-------------------------------------------
     0 | D:1      | Kuinu the Kobold Brigand began the quest for the Orb.
     0 | D:1      | Reached XP level 1. HP: 12/12 MP: 1/1
    74 | D:1      | Reached XP level 2. HP: 15/18 MP: 2/2
   335 | D:1      | Reached XP level 3. HP: 22/22 MP: 3/3
  1186 | D:2      | Reached XP level 4. HP: 3/27 MP: 4/4
  1187 | D:2      | Reached skill level 6 in Stealth
  1542 | D:2      | Noticed Terence
  1566 | D:2      | HP: 1/28 [Terence/+0 short sword (1)]
  1569 | D:2      | Killed Terence
  2147 | D:2      | Reached XP level 5. HP: 32/32 MP: 5/5
  2425 | D:2      | Slain by a gnoll shaman

Illustrated notes

Levels and vault maps discovered:
D:1:      onia_arrival_mini_spirals, layout_loops_ring
D:2:      layout_rooms, uniq_terence
D:3:      layout_loops_corners, nicolae_overflow_hidden_temple,
          shapermc_ecumenical_altar_venn, kennysheep_generic_room_13, uniq_ijyb

Skill      XL: |  1  2  3  4 |
---------------+-------------+-----
Short Blades   | 3 |  3.9
Stealth        | 6 |  6.3
Fighting       | 3 |  3.3
Dodging        | 2 |  2.1
Throwing       | |  2.1
Armour         | |  0.7

Action                   |  1- 3 |  4- 6 || total
-------------------------+-------+-------++-------
Melee: Dagger            |    87 |    46 ||   133
Throw: Dart              |     3 |    24 ||    27
  Use: Potion            |       |     2 ||     2
       Scroll            |       |     4 ||     4
 Stab: Sleeping          |    18 |     5 ||    23
Armor: Robe              |     1 |       ||     1
       Leather armour    |    15 |    11 ||    26
Dodge: Dodged            |    59 |    30 ||    89

Table legend: (Time is in decaauts)
 A = Elapsed time spent in this place.
 B = Non-inter-level travel time spent in this place.
 C = Inter-level travel time spent in this place.
 D = Time resting spent in this place.
 E = Time spent auto-exploring this place.
 F = Levels seen in this place.
 G = Mean time per level.
                   A        B        C        D        E       F      G
               +--------+--------+--------+--------+--------+-----+--------+
         Total |   2399 |   2321 |     78 |    134 |   1868 |   3 |  799.7 |
       Dungeon |   2399 |   2321 |     78 |    134 |   1868 |   3 |  799.7 |
               +--------+--------+--------+--------+--------+-----+--------+

Top non-repeatable levels by time:
     D:2: 1396 daAuts
     D:1: 1001 daAuts
     D:3: 1 daAuts
